 Dungeon Crawl Stone Soup version 0.18.1-48-g4cf74bf (webtiles) character file.

47426 dearth the Bludgeoner (level 14, -11/125 HPs)
             Began as a Minotaur Fighter on Aug 3, 2016.
             Was a High Priest of Okawaru.
             Engulfed by a fire crab (shapeshifter)'s flame (18 damage)
             ... on level 15 of the Dungeon.
             The game lasted 01:02:53 (14010 turns).

dearth the Bludgeoner (Minotaur Fighter)           Turns: 14010, Time: 01:02:54

Health: -11/125    AC: 14    Str: 31      XL:     14   Next: 8%
Magic:  18/18      EV: 16    Int:  9      God:    Okawaru [*****.]
Gold:   505        SH:  9    Dex: 12 (14) Spells: 0 memorised, 13 levels left

rFire  . . .     SeeInvis .     P - +2 war axe of the Ecumenical Temple {speed, rN+ Str+5}
rCold  + . .     Gourm    .     r - +1 ring mail of Loqoroh {rPois Regen+ rCorr Stlth+}
rNeg   + . .     Faith    .     d - +2 buckler "Kych" {Int+4 Slay+3 Stlth+}
rPois  +         Spirit   .     (helmet restricted)
rElec  +         Dismiss  .     (no cloak)
rCorr  +         Reflect  .     y - +2 pair of gloves "Byamuqeo" {Slay+3}
SustAt .         Harm     .     L - +0 pair of boots of Music {rElec rPois}
MR     ++...                    Y - amulet of Plog {+Rage Str+2}
Stlth  +++.......               n - ring of protection from magic
                                z - ring of protection from cold

@: very resistant to hostile enchantments, fairly stealthy
A: retaliatory headbutt, horns 2, molten scales 1, agile 1, deterioration 1
a: Heroism, Finesse, Renounce Religion, Evoke Berserk Rage


You were on level 15 of the Dungeon.
You worshipped Okawaru.
Okawaru was extremely pleased with you.
You were not hungry.

You visited 2 branches of the dungeon, and saw 16 of its levels.

You collected 1095 gold pieces.
You spent 590 gold pieces at shops.

Inventory:

Hand Weapons
 C - the +1 mace of Defence {crush, +Blink Str+4}
   (You found it on level 8 of the Dungeon)

   It inflicts extra damage upon your enemies.
   It affects your strength (+4).
   It lets you blink.
 P - the +2 war axe of the Ecumenical Temple (weapon) {speed, rN+ Str+5}
   (You bought it in a shop on level 13 of the Dungeon)

   Attacks with this weapon are significantly faster.
   It affects your strength (+5).
   It protects you from negative energy.
Armour
 d - the +2 buckler "Kych" (worn) {Int+4 Slay+3 Stlth+}
   (Okawaru gifted it to you on level 13 of the Dungeon)

   It affects your intelligence (+4).
   It affects your accuracy and damage with ranged weapons and melee attacks
   (+3).
   It makes you more stealthy.
 r - the +1 ring mail of Loqoroh (worn) {rPois Regen+ rCorr Stlth+}
   (You found it on level 6 of the Dungeon)

   It protects you from poison.
   It increases your rate of regeneration.
   It protects you from acid and corrosion.
   It makes you more stealthy.
 y - the +2 pair of gloves "Byamuqeo" (worn) {Slay+3}
   (You found it on level 5 of the Dungeon)

   It affects your accuracy and damage with ranged weapons and melee attacks
   (+3).
 L - the +0 pair of boots of Music (worn) {rElec rPois}
   (Okawaru gifted it to you on level 9 of the Dungeon)

   It insulates you from electricity.
   It protects you from poison.
Jewellery
 l - a cursed amulet of inaccuracy {unknown}
 n - a ring of protection from magic (right hand)
 u - an uncursed ring of positive energy
 v - an uncursed amulet of rage {unknown}
 z - a ring of protection from cold (left hand)
 D - the ring "Keon Wi Ubb" {SustAt rElec Dex+3}
   (You found it on level 15 of the Dungeon)

   [ring of sustain attributes]

   It sustains your strength, intelligence and dexterity.
   It affects your dexterity (+3).
   It insulates you from electricity.
 R - an uncursed amulet of regeneration
 Y - the amulet of Plog (around neck) {+Rage Str+2}
   (You found it on level 13 of the Dungeon)

   [amulet of rage]

   It affects your strength (+2).
   It lets you go berserk.
 Z - an uncursed amulet of dismissal
Wands
 c - a wand of lightning (5/15)
 e - a wand of acid (9/15)
 h - a wand of iceblast (8/15)
 A - a wand of digging (6/24)
 B - a wand of disintegration (14/24)
 I - a wand of digging (15/24)
 J - a wand of hasting (4/9)
 M - a wand of lightning (5/15)
 O - a wand of acid (3/15)
 V - a wand of enslavement (16/24)
Scrolls
 b - 3 scrolls of magic mapping
 g - 4 scrolls of identify
 i - 3 scrolls of enchant armour
 j - 6 scrolls of recharging
 k - a scroll of teleportation
 m - 3 scrolls of amnesia
 o - 4 scrolls of remove curse
 s - 9 scrolls of blinking
 F - 2 scrolls of fog
 T - 2 scrolls of fear
Potions
 a - 2 potions of cancellation
 q - a potion of brilliance
 t - 7 potions of curing
 w - 5 potions of heal wounds
 K - a potion of might
 Q - 2 potions of mutation
Comestibles
 f - 13 bread rations
 p - 9 meat rations
 G - 2 beef jerkies
 N - 6 slices of pizza


   Skills:
 + Level 11.9 Fighting
 * Level 15.1 Maces & Flails
 + Level 12.2 Armour
 + Level 10.2 Dodging
 + Level 11.6 Shields
 - Level 7.4 Invocations
 + Level 4.8 Evocations


You had 13 spell levels left.
You didn't know any spells.

Dungeon Overview and Level Annotations

Branches:
Dungeon (15/15)            Temple (1/1) D:6            Lair (0/8) D:8
    Orc (0/2) D:9          Vaults (0/5) D:13
 Depths: D:15

Altars:
Ashenzari
Cheibriados
Dithmenos
Elyvilon
Fedhas
Gozag
Kikubaaqudgha
Makhleb
Nemelex Xobeh
Okawaru
Pakellas
Qazlal
Ru
Sif Muna
Trog
Vehumet
Xom
Yredelemnul
Zin
The Shining One

Shops:
D:9 [((   D:13 (

Annotations:
D:10 Josephine


Innate Abilities, Weirdness & Mutations

You reflexively headbutt those who attack you in melee.
You have a pair of horns on your head.
You are partially covered in molten scales (AC +1).
You are agile. (Dex +2)
Your body sometimes deteriorates upon taking damage.


Message History

There is an open door here.
The fire crab breathes flames at you. The blast of flame misses you.
You are engulfed in roaring flames.
You are engulfed in roaring flames.
Your body deteriorates!
You feel clumsy. The fire crab breathes flames at you.
The blast of flame engulfs you!
You are engulfed in roaring flames.
You are engulfed in roaring flames.
* * * LOW HITPOINT WARNING * * *
The fire crab breathes flames at you.
You are engulfed in roaring flames.
* * * LOW HITPOINT WARNING * * *
You are engulfed in roaring flames.
* * * LOW HITPOINT WARNING * * *
Your body deteriorates!
You feel clumsy. The fire crab breathes flames at you.
You are engulfed in roaring flames.
You die...

.........§.# #### uJ #.......
.......§§§.#####..## J####.#####
......§§§.§t.##....### .!.#.#####
####t#######.'.†...C.###..#......
# #§# ####.§..#..##.##...... #
#§# ##§.###.....#.##### #
#.############## #..#.##.# # #
#.....t§.§§§§§##########.# # #
############§@.......# #.# # #
#§§######.# #.##### #§§# #.#
#...... #..# #.# #######
#..######.# #).#......#
#..#.####.# #..#.# #.# ##/.#.#
###


You could see a fire crab.

Vanquished Creatures
  A ghoul (D:14)
  The ghost of nikopol the Spear-Bearer, a journeyman MiBe of Trog (D:12)
  A vault guard (D:13)
  2 hydras
  3 centaur warriors
  Erolcha (D:13)
  A queen ant (D:13)
  The ghost of Ferkelamun the Grappler, a novice TrTm of Makhleb (D:10)
  6 skeletal warriors
  A giant orange brain (D:15)
  An unseen horror (D:14)
  4 hill giants
  Pikel (D:4)
  2 wolf spider zombies (D:14)
  An orc knight (D:13)
  A hornet (D:14)
  8 ugly things
  2 cyclopes
  A deep elf mage (D:13)
  2 manticores
  9 centaur zombies
  2 gargoyles (D:14)
  Joseph (D:7)
  A kobold demonologist (D:14)
  A yaktaur (shapeshifter) (D:15)
  A troll (D:12)
  A guardian mummy (D:14)
  A harpy zombie (D:14)
  A harpy skeleton (D:15)
  A wolf spider simulacrum (D:15)
  24 slime creatures
  A two-headed ogre (D:14)
  Prince Ribbit (D:8)
  A shadow (D:11)
  20 yaks
  4 wraiths
  A human (shapeshifter) (D:15)
  2 wyverns
  Grum (D:10)
  4 hippogriffs
  2 hungry ghosts (D:14)
  5 vampire mosquitoes (D:13)
  Menkaure (D:4)
  Edmund (D:4)
  8 soldier ants
  2 hell hounds (D:8)
  A warg (D:13)
  3 water moccasins
  A black bear (D:10)
  5 ice beasts
  5 sky beasts
  3 phantoms
  6 orc warriors
  An eye of draining (D:12)
  A wasp (D:13)
  5 centaurs
  8 ogres
  4 wolves (D:10)
  A crocodile (D:9)
  6 big kobolds
  Blork the orc (D:4)
  8 giant frogs
  3 wyvern zombies
  3 scorpions
  6 killer bees (D:10)
  11 wights
  3 electric eels (D:12)
  8 howler monkeys
  7 crimson imps
  A wasp zombie (D:12)
  A quasit (D:5)
  3 giant frog skeletons
  4 jellies
  6 hounds
  3 iron imps (D:8)
  5 orc priests
  10 orc wizards
  3 iguanas
  Natasha (thrice) (D:4)
  30 worker ants
  A statue (D:7)
  2 sheep (D:9)
  A killer bee zombie (D:9)
  A hound skeleton (D:5)
  A howler monkey zombie (D:5)
  3 mummies (D:14)
  3 worker ant zombies
  12 adders
  3 gnolls
  3 shadow imps
  An ooze (D:5)
  An adder skeleton (D:6)
  4 worms
  A dart slug (D:4)
  7 giant geckos
  47 orcs
  9 bats
  6 giant cockroaches
  5 goblins
  10 hobgoblins
  5 jackals
  20 kobolds
  7 quokkas
  A ball python (D:3)
  5 giant newts
  A goblin skeleton (D:5)
  A goblin zombie (D:5)
  2 hobgoblin zombies (D:5)
  2 orc zombies (D:5)
  A quokka zombie (D:8)
  12 rats
  5 withered plants (D:14)
490 creatures vanquished.

Vanquished Creatures (others)
  An unseen horror (shapeshifter) (D:15)
  An orc wizard (D:5)
  An ooze (D:4)
  5 plants (D:9)
8 creatures vanquished.

Grand Total: 498 creatures vanquished

Notes
Turn   | Place    | Note
--------------------------------------------------------------
     0 | D:1      | dearth the Minotaur Fighter began the quest for the Orb.
     0 | D:1      | Reached XP level 1. HP: 19/19 MP: 0/0
   239 | D:1      | Reached skill level 1 in Dodging
   316 | D:1      | Reached XP level 2. HP: 23/26 MP: 1/1
   473 | D:1      | Reached skill level 3 in Maces & Flails
   815 | D:2      | Reached XP level 3. HP: 23/31 MP: 2/2
  1557 | D:2      | Reached XP level 4. HP: 15/40 MP: 3/3
  2262 | D:3      | Reached skill level 4 in Maces & Flails
  2298 | D:3      | Reached XP level 5. HP: 41/46 MP: 4/4
  2376 | D:3      | Found an iron altar of Okawaru.
  2416 | D:3      | Became a worshipper of Warmaster Okawaru
  2752 | D:4      | Noticed Edmund
  2760 | D:4      | Killed Edmund
  2760 | D:4      | Reached skill level 5 in Maces & Flails
  2760 | D:4      | Reached XP level 6. HP: 52/52 MP: 5/5
  2821 | D:4      | Noticed Natasha
  2829 | D:4      | Killed Natasha
  2854 | D:4      | Noticed Menkaure
  2891 | D:4      | Killed Menkaure
  2891 | D:4      | Reached skill level 1 in Invocations
  3265 | D:4      | Noticed Blork the orc
  3272 | D:4      | Killed Blork the orc
  3272 | D:4      | Reached * piety under Okawaru
  3272 | D:4      | Reached skill level 5 in Shields
  3272 | D:4      | Reached XP level 7. HP: 60/60 MP: 7/7
  3281 | D:4      | Noticed Natasha
  3285 | D:4      | Killed Natasha
  3383 | D:4      | Noticed Pikel
  3406 | D:4      | Killed Pikel
  3406 | D:4      | Reached skill level 5 in Fighting
  3406 | D:4      | Reached skill level 6 in Maces & Flails
  3406 | D:4      | Reached skill level 5 in Armour
  3406 | D:4      | Reached XP level 8. HP: 44/68 MP: 7/9
  3424 | D:4      | Found a blossoming altar of Fedhas.
  3488 | D:4      | Reached ** piety under Okawaru
  3686 | D:4      | Found an ancient bone altar of Kikubaaqudgha.
  3781 | D:4      | Noticed Natasha
  3791 | D:4      | Killed Natasha
  3926 | D:5      | Entered Level 5 of the Dungeon
  3993 | D:5      | Got a pair of pitted gloves
  3999 | D:5      | Identified the +2 pair of gloves "Byamuqeo" {Slay+3} (You found it on level 5 of the Dungeon)
  4104 | D:5      | Reached skill level 7 in Maces & Flails
  4128 | D:5      | Found a glowing golden altar of the Shining One.
  4437 | D:5      | Found an oddly glowing altar of Pakellas.
  4917 | D:6      | Found a deep blue altar of Sif Muna.
  5280 | D:6      | Found a staircase to the Ecumenical Temple.
  5294 | Temple   | Entered the Ecumenical Temple
  5622 | D:6      | Reached skill level 8 in Maces & Flails
  5628 | D:6      | Reached XP level 9. HP: 58/75 MP: 10/10
  6130 | D:6      | Got an ichor-stained ring mail
  6131 | D:6      | Identified the +1 ring mail of Loqoroh {rPois Regen+ rCorr Stlth+} (You found it on level 6 of the Dungeon)
  6247 | D:7      | Reached *** piety under Okawaru
  6264 | D:7      | Found an iron altar of Okawaru.
  6493 | D:7      | Reached skill level 5 in Dodging
  6658 | D:7      | Found a radiant altar of Vehumet.
  6695 | D:7      | Noticed Joseph
  6701 | D:7      | Killed Joseph
  6701 | D:7      | Reached skill level 9 in Maces & Flails
  6912 | D:8      | Noticed Prince Ribbit
  6927 | D:8      | Killed Prince Ribbit
  6927 | D:8      | Reached **** piety under Okawaru
  6973 | D:8      | Found a shadowy altar of Dithmenos.
  7106 | D:8      | Got an ebony mace
  7126 | D:8      | Found a staircase to the Lair.
  7131 | D:8      | Reached skill level 5 in Invocations
  7357 | D:8      | Reached XP level 10. HP: 86/86 MP: 12/12
  7406 | D:8      | Found a burning altar of Makhleb.
  7551 | D:8      | Reached skill level 1 in Evocations
  7554 | D:8      | Reached ***** piety under Okawaru
  7554 | D:8      | Reached skill level 10 in Maces & Flails
  7695 | D:9      | Found Keopaont's Armour Boutique.
  7696 | D:9      | Found a staircase to the Orcish Mines.
  7706 | D:9      | Found Osunein's Weapon Boutique.
  7752 | D:9      | Identified the cursed +1 mace of Defence {crush, +Blink Str+4} (You found it on level 8 of the Dungeon)
  7796 | D:9      | Got a brightly glowing dagger
  7849 | D:9      | Found a sacrificial altar of Ru.
  7971 | D:9      | Found Gaploota's Antique Weapon Boutique.
  8334 | D:9      | Received a gift from Okawaru
  8346 | D:9      | Got a pair of pitted boots {god gift}
  8347 | D:9      | Identified the +0 pair of boots of Music {rElec rPois} (Okawaru gifted it to you on level 9 of the Dungeon)
  8391 | D:9      | Noticed a three-headed hydra
  8397 | D:9      | Killed a three-headed hydra
  8397 | D:9      | Reached skill level 11 in Maces & Flails
  8402 | D:9      | Reached XP level 11. HP: 71/95 MP: 13/13
  8556 | D:10     | Entered Level 10 of the Dungeon
  8625 | D:10     | Noticed Ferkelamun's ghost (novice TrTm)
  8645 | D:10     | Killed Ferkelamun's ghost
  8892 | D:10     | Noticed Josephine
  8894 | D:10     | Noticed Grum
  8972 | D:10     | Killed Grum
  9489 | D:11     | Noticed a red ugly thing
  9505 | D:11     | Killed a red ugly thing
  9505 | D:11     | Reached skill level 12 in Maces & Flails
  9792 | D:11     | Noticed a purple ugly thing
  9801 | D:11     | Killed a purple ugly thing
  9801 | D:11     | Received a gift from Okawaru
 10089 | D:12     | Noticed nikopol's ghost (journeyman MiBe)
 10112 | D:12     | Killed nikopol's ghost
 10112 | D:12     | Reached skill level 10 in Armour
 10112 | D:12     | Reached XP level 12. HP: 89/106 MP: 11/15
 10512 | D:12     | Reached skill level 10 in Fighting
 10532 | D:12     | Reached skill level 13 in Maces & Flails
 10784 | D:13     | Noticed Erolcha
 10798 | D:13     | Found Vetruwora's Weapon Boutique.
 10816 | D:13     | Killed Erolcha
 10816 | D:13     | Reached skill level 10 in Shields
 10851 | D:13     | Bought the +2 war axe of the Ecumenical Temple {speed, rN+ Str+5} for 590 gold pieces
 10912 | D:13     | Received a gift from Okawaru
 11154 | D:13     | Noticed a centaur warrior
 11167 | D:13     | Noticed a centaur warrior
 11174 | D:13     | Killed a centaur warrior
 11182 | D:13     | Killed a centaur warrior
 11183 | D:13     | Noticed a vault guard
 11194 | D:13     | Killed a vault guard
 11196 | D:13     | Found a gate to the Vaults.
 11204 | D:13     | Got a steaming ruby amulet
 11260 | D:13     | Identified the amulet of Plog {+Rage Str+2} (You found it on level 13 of the Dungeon)
 11283 | D:13     | Received a gift from Okawaru
 11291 | D:13     | Got a slimy buckler {god gift}
 11292 | D:13     | Identified the +2 buckler "Kych" {Int+4 Slay+3 Stlth+} (Okawaru gifted it to you on level 13 of the Dungeon)
 11384 | D:13     | Reached XP level 13. HP: 115/115 MP: 17/17
 11465 | D:13     | Reached skill level 14 in Maces & Flails
 12019 | D:14     | Noticed a ghoul
 12036 | D:14     | Killed a ghoul
 12264 | D:14     | Received a gift from Okawaru
 12498 | D:14     | Reached skill level 10 in Dodging
 12866 | D:15     | Entered Level 15 of the Dungeon
 12877 | D:15     | Got a crude lapis lazuli ring
 12878 | D:15     | Identified the ring "Keon Wi Ubb" {SustAt rElec Dex+3} (You found it on level 15 of the Dungeon)
 12944 | D:15     | Reached skill level 15 in Maces & Flails
 13192 | D:15     | Gained mutation: You are partially covered in molten scales (AC +1). [potion of mutation]
 13192 | D:15     | Gained mutation: Your body sometimes deteriorates upon taking damage. [potion of mutation]
 13192 | D:15     | Gained mutation: You are agile. (Dex +2) [potion of mutation]
 13722 | D:15     | Reached XP level 14. HP: 82/125 MP: 10/18
 14008 | D:15     | HP: 5/125 [fire crab (shapeshifter)] (22)]
 14010 | D:15     | Engulfed by a fire crab (shapeshifter)'s flame

Skill      XL: |  1  2  3  4  5  6  7  8  9 10 11 12 13 |
---------------+----------------------------------------+-----
Dodging        | 1 2 3 4 5 6 8 9 10 | 10.2
Maces & Flails | 3 4 5 6 8 9 11 12 13 15 | 15.1
Shields        | 4 5 6 7 8 9 10 11 | 11.6
Armour         | 4 5 6 7 8 10 11 12 | 12.2
Fighting       | 4 5 6 7 8 9 10 11 | 11.9
Invocations    | 1 2 3 5 6 7 |  7.4
Evocations     | 2 3 4 |  4.8

Action                   |  1- 3 |  4- 6 |  7- 9 | 10-12 | 13-15 || total
-------------------------+-------+-------+-------+-------+-------++-------
Melee: Flail             |   100 |   134 |   255 |    42 |       ||   531
       Headbutt          |     8 |    27 |    49 |   189 |   124 ||   397
       Unarmed           |       |       |     4 |       |       ||     4
       Mace              |       |       |       |   554 |       ||   554
       War axe           |       |       |       |    92 |   351 ||   443
Invok: Heroism           |       |       |     1 |    18 |     5 ||    24
       Finesse           |       |       |       |     3 |     2 ||     5
 Abil: Evoke Berserk Rag |       |       |       |       |     1 ||     1
Evoke: Wand              |       |       |     1 |       |       ||     1
  Use: Potion            |     1 |     1 |       |       |    11 ||    13
       Scroll            |       |       |    13 |     8 |     2 ||    23
 Stab: Sleeping          |       |       |     1 |     1 |     3 ||     5
  Eat: Chunk             |     1 |     5 |     2 |     3 |       ||    11
       Fruit             |       |     2 |    10 |    12 |     3 ||    27
       Bread ration      |       |       |     1 |       |     1 ||     2
       Pizza             |       |       |       |       |     1 ||     1
       Beef jerky        |       |       |       |       |     1 ||     1
       Royal jelly       |       |       |       |       |     1 ||     1
Armor: Scale mail        |    58 |    33 |    66 |       |       ||   157
       Ring mail         |       |       |    18 |   123 |    68 ||   209
Dodge: Dodged            |    35 |    36 |   109 |   240 |   122 ||   542
Block: Shield            |    77 |    64 |   173 |   387 |       ||   701
       Buckler           |       |       |       |     1 |   112 ||   113
